[Event "Late-Titled-Tuesday-Blitz-January-23-2024"]
[Site "Chess.com"]
[Date "2024.01.23"]
[Round "2"]
[White "kuli4ik"]
[Black "Quattroporte300"]
[Result "1-0"]
[WhiteElo "2917"]
[BlackElo "2428"]
[TimeControl "180+1"]
[EndTime "14:15:37 PST"]
[Termination "kuli4ik won by resignation"]

1. Nf3 c5 2. e3 Nc6 3. d4 cxd4 4. exd4 d5 5. c3 Nf6 6. h3 g6 7.
Bf4 Bg7 8. Be2 O-O 9. O-O Re8 10.
Nbd2 Bf5 11. Re1 Rc8 12. Bf1 b6 13. Ba6 Nh5 14. Bh2 e5 15. Bxc8 Bxc8 16. Nxe5 Nxe5 17. Bxe5 Bxe5 18. Rxe5 Rxe5 19. dxe5 Qg5 20. Nf3 Qf4 21. Qd4 Be6 22. Qxf4 Nxf4 23. Nd4 Nd3 24. b3 Nxe5 25. Nxe6 fxe6 26. Re1 Nd3 27. Rxe6 Nf4 28. Re3 a5 29. h4 Kg7 30. g3 Nh5 31. Re6 Nf6 32. Rxb6 Ne4 33.
Rc6 Kf7 34. Kg2 Ke7 35. f3 Nd6 36. Rc5 1-0

[Event "Late-Titled-Tuesday-Blitz-January-23-2024"]
[Site "Chess.com"]
[Date "2024.01.23"]
[Round "2"]
[White "kleinebeer98"]
[Black "H7DJK"]
[Result "1-0"]
[WhiteElo "2866"]
[BlackElo "2425"]
[TimeControl "180+1"]
[EndTime "14:15:39 PST"]
[Termination "kleinebeer98 won by resignation"]

1. a4 e5 2. Ra3 Bxa3 3. Nxa3 Nf6 4. b3 d5 5. Bb2 d4 6. e3 dxe3 7. fxe3 Nc6 8. Bb5 Bd7 9. Nc4 O-O 10. Nf3 e4 11. Ng5 h6 12. Bxf6 Qxf6 13. Nxe4 Qh4+ 14. Nf2 a6 15. Bxc6 Bxc6 16. O-O Rad8 17. Ne5 Bxg2 18. Kxg2 Qg5+ 19. Nfg4 f5 20. h4 Qe7 21. Qe2 fxg4 22. Qc4+ Kh8 23. Qe4 Kg8 24. Qc4+ Kh7 25. Qe4+ Kg8 26.
Rxf8+ Rxf8 27. Qc4+ Kh7 28. Qe4+ Kg8 29. d4 Qxh4 30.
Qd5+ Kh7 31. Qe4+ Kg8 32. Nxg4 Qg5 33. Kh3 h5 34. Ne5 Qf5+ 35. Qxf5 Rxf5 36. Kg3 Rxe5 37. dxe5 Kf7 38. c4 Ke6 39. Kf4 g6 40. b4 h4 41.
a5 b6 42. b5 axb5 43. a6 1-0

[Event "Late-Titled-Tuesday-Blitz-January-23-2024"]
[Site "Chess.com"]
[Date "2024.01.23"]
[Round "2"]
[White "Jospem"]
[Black "chegueps"]
[Result "1-0"]
[WhiteElo "3096"]
[BlackElo "2675"]
[TimeControl "180+1"]
[EndTime "14:15:40 PST"]
[Termination "Jospem won by resignation"]

1. e4 Nf6 2. e5 Nd5 3. d4 d6 4.
Nf3 g6 5. h3 Bg7 6. exd6 cxd6 7. Be2 O-O 8. O-O Nc6 9. c4 Nb6 10.
Nc3 Bf5 11. Be3 d5 12. b3 dxc4 13. bxc4 Na5 14. c5 Nd5 15. Qd2 Nxe3 16. fxe3 Nc6 17. Rad1 Bh6 18. Bc4 e5 19. d5 e4 20. dxc6 exf3 21. cxb7 Qxd2 22. Rxd2 Bxe3+ 23. Rdf2 Bxc5 24. bxa8=Q Rxa8 25. Nd5 Rc8 26. Bb3 fxg2 27. Kxg2 Bxf2 28. Ne7+ 1-0

[Event "Late-Titled-Tuesday-Blitz-January-23-2024"]
[Site "Chess.com"]
[Date "2024.01.23"]
[Round "2"]
[White "mfwagnerpeixoto"]
[Black "BeanScreen"]
[Result "0-1"]
[WhiteElo "2330"]
[BlackElo "2726"]
[TimeControl "180+1"]
[EndTime "14:15:40 PST"]
[Termination "BeanScreen won by resignation"]

1. d4 d5 2. c4 e6 3. Nf3 a6 4.
cxd5 exd5 5. Nc3 h6 6. Bf4 Nf6 7. e3 Bd6 8. Bxd6 Qxd6 9. h3 Bf5 10. Bd3 Bxd3 11. Qxd3 O-O 12. O-O Nbd7 13. Rac1 c6 14. a3 Rfe8 15. Rfe1 Ne4 16. Nd2 f5 17. Ndxe4 fxe4 18. Qe2 Re6 19. Qc2 Rf8 20. Ne2 Ref6 21. Rf1 R8f7 22.
b4 Nf8 23. Qc5 Qd7 24. Nf4 Ne6 25. Nxe6 Qxe6 26. a4 Rg6 27. Kh2 Rf5 28. b5 Rh5 29.
Rh1 Qf5 30. Rcf1 Rxg2+ 31. Kxg2 Qf3+ 32. Kh2 Qxh3+ 0-1

[Event "Late-Titled-Tuesday-Blitz-January-23-2024"]
[Site "Chess.com"]
[Date "2024.01.23"]
[Round "2"]
[White "AndreyNeves"]
[Black "dodoucb"]
[Result "1/2-1/2"]
[WhiteElo "2025"]
[BlackElo "2443"]
[TimeControl "180+1"]
[EndTime "14:15:42 PST"]
[Termination "Game drawn by repetition"]

1. d4 d5 2. c4 c6 3. Nf3 Nf6 4.
Nc3 dxc4 5. a4 Bf5 6. e3 Nbd7 7. Bxc4 e6 8. O-O Be7 9. Qe2 Bg6 10. Nh4 Bh5 11. f3 O-O 12. g4 Bg6 13. Nxg6 hxg6 14. g5 Nd5 15. f4 N7b6 16. Bd3 c5 17. a5 cxd4 18. exd4 Nxc3 19. bxc3 Nd5 20. Bb2 Rc8 21.
Rac1 Qxa5 22. c4 Nxf4 23. Rxf4 Bxg5 24. Rcf1 Bxf4 25. Rxf4 Rfd8 26. d5 Qc5+ 27. Bd4 Qd6 28. Be5 Qc5+ 29. Bd4 Qd6 30. Be5 Qc5+ 31. Bd4 1/2-1/2

[Event "Late-Titled-Tuesday-Blitz-January-23-2024"]
[Site "Chess.com"]
[Date "2024.01.23"]
[Round "2"]
[White "Zhigalko_Sergei"]
[Black "ImportedItalianMaple"]
[Result "1-0"]
[WhiteElo "2969"]
[BlackElo "2429"]
[TimeControl "180+1"]
[EndTime "14:15:43 PST"]
[Termination "Zhigalko_Sergei won by resignation"]

1. e4 c5 2. Nf3 d6 3. d4 cxd4 4. Qxd4 Nc6 5. Bb5 a6 6. Bxc6+ bxc6 7. c4 e5 8. Qd3 Be7 9. O-O Be6 10. c5 dxc5 11.
Qxd8+ Rxd8 12. Nxe5 Rc8 13. Nd2 Nf6 14. f3 Nd7 15. Nec4 Kd8 16. b3 Kc7 17. Bb2 f6 18. Bc3 Kb7 19. Rfd1 Nb6 20. Na5+ Ka7 21. Kf1 Rhd8 22.
Ke2 g5 23. Rac1 h5 24. Bb2 h4 25. Ba3 Nd7 26. Ndc4 Kb8 27. Nd6 Rc7 28. Rd2 Ne5 29.
Bxc5 Rcd7 30. Nab7 Rxb7 31. Nxb7 1-0

[Event "Late-Titled-Tuesday-Blitz-January-23-2024"]
[Site "Chess.com"]
[Date "2024.01.23"]
[Round "2"]
[White "xakevicius91"]
[Black "AsaHoffmann"]
[Result "1-0"]
[WhiteElo "2554"]
[BlackElo "2371"]
[TimeControl "180+1"]
[EndTime "14:15:47 PST"]
[Termination "xakevicius91 won by resignation"]

1. e4 d6 2. d4 Nf6 3. Nc3 c6 4. f4 Qa5 5. Bd3 e5 6. Nf3 exd4 7. Nxd4 Qb6 8. Nb3 a5 9. a4 Na6 10. Qe2 Nb4 11. Be3 Nxd3+ 12. Qxd3 Qa6 13. Qd2 Be7 14. h3 O-O 15. g4 d5 16. e5 Ne4 17.
Nxe4 dxe4 18. Qe2 Bh4+ 19. Bf2 Bxf2+ 20. Kxf2 Qb6+ 21. Qe3 Qb4 22. Qd4 f6 23. Qxb4 axb4 24. exf6 Rxf6 25. Ke3 Be6 26. Nc5 Bd5 27. Nxb7 h6 28.
a5 Rc8 29. Nc5 Rf7 30. Rhd1 Ra7 31. Rd4 Rb8 32. f5 Rb5 33. Nxe4 Rbxa5 34. Rxa5 Rxa5 35. Rxb4 Ra1 36. Rb8+ Kh7 37. Nc3 Rh1 38. Nxd5 Rxh3+ 39. Kf4 cxd5 40. Rc8 Rh2 41. b4 Re2 42. b5 Re4+ 43. Kf3 Rb4 44. Rb8 Rc4 45. b6 Rxc2 46. b7 Rb2 47. Kf4 Rb4+ 48. Ke5 d4 49. Ke4 h5 50. g5 h4 51. g6+ Kh6 52. Rh8+ Kg5 53. b8=Q 1-0

[Event "Late-Titled-Tuesday-Blitz-January-23-2024"]
[Site "Chess.com"]
[Date "2024.01.23"]
[Round "2"]
[White "karinachess1"]
[Black "mbchess97"]
[Result "1-0"]
[WhiteElo "2628"]
[BlackElo "2330"]
[TimeControl "180+1"]
[EndTime "14:15:50 PST"]
[Termination "karinachess1 won by resignation"]

1. d4 Nf6 2. c4 e6 3. Nc3 d5 4.
cxd5 exd5 5. Bg5 Bb4 6. Qb3 Bxc3+ 7. bxc3 c6 8. Nf3 O-O 9. e3 h6 10. Bh4 Nbd7 11. Bd3 Re8 12. O-O Nf8 13. c4 dxc4 14. Bxc4 Qe7 15. Ne5 Be6 16. Bxe6 Nxe6 17. Ng4 g5 18.
Nxf6+ Qxf6 19. Bg3 Qe7 20. Rab1 b6 21. Rbc1 Rac8 22.
a4 Red8 23. Rc2 Kh7 24. Rfc1 Qd7 25. Be5 c5 26. Qd3+ Kg8 27. Qf5 cxd4 28. Qf6 Kh7 29.
Rxc8 Rxc8 30. Rxc8 Qxc8 31. Qxf7+ 1-0

[Event "Late-Titled-Tuesday-Blitz-January-23-2024"]
[Site "Chess.com"]
[Date "2024.01.23"]
[Round "2"]
[White "Fonsofan"]
[Black "jup1978"]
[Result "1-0"]
[WhiteElo "2640"]
[BlackElo "2400"]
[TimeControl "180+1"]
[EndTime "14:15:51 PST"]
[Termination "Fonsofan won by resignation"]

1. Nc3 d5 2. e4 dxe4 3. Nxe4 Nf6 4. Nxf6+ exf6 5. g3 Bd6 6. Bg2 O-O 7. Ne2 c6 8. d3 Re8 9. O-O Bg4 10. Re1 Nd7 11. Be3 Nf8 12. Qd2 Bxe2 13. Rxe2 Qc7 14. Rae1 Qd7 15.
a4 Bc7 16. b4 Bb6 17. a5 Bxe3 18. Rxe3 a6 19. Bh3 Ne6 20. Qe2 Qd6 21. Bxe6 fxe6 22. Rxe6 Rxe6 23. Qxe6+ Qxe6 24. Rxe6 Kf7 25. Re4 Rd8 26.
Kf1 Rd5 27. Ke2 Rh5 28. Rh4 Rxh4 29. gxh4 Ke6 30. d4 Kf5 31. Kf3 h5 32. h3 g5 33.
c3 Ke6 34. Ke4 f5+ 35. Ke3 g4 36. hxg4 fxg4 37. Ke4 Kf6 38. c4 Ke6 39. d5+ cxd5+ 40. cxd5+ Kd6 41. Kd4 Kc7 42. Ke5 b6 43. d6+ Kd7 44.
axb6 Kc6 45. Ke6 1-0

[Event "Late-Titled-Tuesday-Blitz-January-23-2024"]
[Site "Chess.com"]
[Date "2024.01.23"]
[Round "2"]
[White "katharinareinecke"]
[Black "DeArron_Fox"]
[Result "0-1"]
[WhiteElo "2013"]
[BlackElo "2446"]
[TimeControl "180+1"]
[EndTime "14:15:53 PST"]
[Termination "DeArron_Fox won by checkmate"]

1. d4 d5 2. Nf3 Nf6 3. g3 Bf5 4.
Bg2 c6 5. O-O e6 6. Nh4 Bg4 7.
h3 Bh5 8. c4 Nbd7 9. b3 Bd6 10.
Bb2 Ne4 11. Nd2 f5 12. Nxe4 fxe4 13. cxd5 cxd5 14. Bh1 e3 15. f4 g5 16. fxg5 Qxg5 17. g4 Qxh4 18. gxh5 Qg3+ 19. Bg2 Qh2# 0-1

[Event "Late-Titled-Tuesday-Blitz-January-23-2024"]
[Site "Chess.com"]
[Date "2024.01.23"]
[Round "2"]
[White "kingofthenil"]
[Black "JaackCamel"]
[Result "1-0"]
[WhiteElo "2703"]
[BlackElo "2170"]
[TimeControl "180+1"]
[EndTime "14:15:59 PST"]
[Termination "kingofthenil won on time"]

1. e4 e6 2. e5 d6 3. Nf3 dxe5 4. Nxe5 Nf6 5. d4 c5 6. Bb5+ Bd7 7. Nxd7 Nbxd7 8.
O-O a6 9. Be2 cxd4 10. Qxd4 Bc5 11. Qd3 O-O 12. Nd2 Nd5 13. Ne4 Bb6 14. a3 N7f6 15.
Bg5 h6 16. Nxf6+ Nxf6 17. Bh4 Qxd3 18. Bxd3 Nd5 19. Rfd1 Rac8 20. Be4 Rfe8 21. Bg3 Red8 22. Rac1 Bc7 23. c4 Bxg3 24. hxg3 Nf6 25. Rxd8+ Rxd8 26. Bxb7 Rd2 27. b4 Kf8 28. c5 Nd5 29. Bxd5 Rxd5 30.
c6 Rd8 31. c7 Rc8 32. a4 Ke7 33. b5 axb5 34. axb5 Kd7 35. b6 1-0

[Event "Late-Titled-Tuesday-Blitz-January-23-2024"]
[Site "Chess.com"]
[Date "2024.01.23"]
[Round "2"]
[White "Eloist"]
[Black "Grandmaster2B"]
[Result "0-1"]
[WhiteElo "2411"]
[BlackElo "2800"]
[TimeControl "180+1"]
[EndTime "14:16:00 PST"]
[Termination "Grandmaster2B won on time"]

1. e4 c6 2. Nf3 d5 3. d3 Qc7 4.
Nc3 dxe4 5. Nxe4 Nf6 6. Qe2 Nxe4 7. Qxe4 Nd7 8. Bf4 Qa5+ 9. Bd2 Qb6 10. Bc3 Nf6 11. Qh4 Nd5 12. Be2 Nxc3 13. bxc3 g6 14. Qd4 Rg8 15. O-O Bg7 16. Qh4 h6 17. Rab1 Qc7 18.
c4 Bf5 19. Rb3 g5 20. Qg3 Qxg3 21. hxg3 b6 22. a4 Kd7 23. Nd2 Kc7 24. Bf3 g4 25.
Be4 Bd7 26. d4 Bxd4 27. Re1 e5 28. c3 Bc5 29. Bh7 Rg7 30. Bc2 Re8 31. Ne4 Be7 32. c5 f5 33. cxb6+ axb6 34. Nd2 Bc5 35. Nc4 f4 36.
gxf4 exf4 37. Rxe8 Bxe8 38. Kf1 Rd7 39. Ne5 Rd2 40. Bf5 Rd5 0-1

[Event "Late-Titled-Tuesday-Blitz-January-23-2024"]
[Site "Chess.com"]
[Date "2024.01.23"]
[Round "2"]
[White "EcosseKillie"]
[Black "tigurones"]
[Result "1/2-1/2"]
[WhiteElo "2257"]
[BlackElo "2496"]
[TimeControl "180+1"]
[EndTime "14:16:00 PST"]
[Termination "Game drawn by agreement"]

1. d4 d5 2. Bg5 Nf6 3. Bxf6 gxf6 4. e3 Bf5 5. c4 c6 6. Nc3 e6 7. Nge2 Bd6 8. Ng3 Bg6 9. c5 Bc7 10. b4 a6 11. a4 h5 12. h4 Bxg3 13. fxg3 Qc7 14. Qf3 Nd7 15. Be2 Bf5 16. Qf4 Qxf4 17. gxf4 Ke7 18. Kf2 Bg4 19. b5 axb5 20. axb5 f5 21.
bxc6 bxc6 22. Rhb1 Rhb8 23. Bxg4 fxg4 24. Rxb8 Rxb8 25.
Rb1 Rxb1 26. Nxb1 Nf6 27. Nc3 Kd7 28. Ke2 Kc7 29. Kd2 Kb7 30. Kc2 Ka6 31. Kb3 Ka5 32. Ka3 Ng8 33. Ne2 Kb5 34. Kb3 Nf6 35. Nc3+ Ka5 36. Ka3 Ng8 37. Ne2 1/2-1/2

[Event "Late-Titled-Tuesday-Blitz-January-23-2024"]
[Site "Chess.com"]
[Date "2024.01.23"]
[Round "2"]
[White "mishanick"]
[Black "sakkikuska"]
[Result "1-0"]
[WhiteElo "3062"]
[BlackElo "2656"]
[TimeControl "180+1"]
[EndTime "14:16:04 PST"]
[Termination "mishanick won by resignation"]

1. d4 Nf6 2. c4 g6 3. Nc3 d5 4. Bg5 c6 5. e3 Bg7 6. Bd3 O-O 7. Nge2 dxc4 8. Bxc4 Nbd7 9. O-O Nb6 10. Bb3 Bf5 11.
h3 a5 12. Ng3 Bd7 13. a4 Nbd5 14. e4 Nxc3 15. bxc3 Qc7 16. e5 Nd5 17. c4 h6 18.
Bd2 Nb4 19. f4 e6 20. Ne4 Rfd8 21. c5 Nd5 22. Nd6 b6 23. Kh1 bxc5 24. dxc5 Rab8 25.
Rf3 Nb4 26. Rg3 Bf8 27. Qg4 Bxd6 28. exd6 Qb7 29. Qh4 Kh7 30. f5 h5 31. fxg6+ fxg6 32. Qe7+ Kh8 33. Bc3+ 1-0

[Event "Late-Titled-Tuesday-Blitz-January-23-2024"]
[Site "Chess.com"]
[Date "2024.01.23"]
[Round "2"]
[White "Msb2"]
[Black "M1711"]
[Result "1-0"]
[WhiteElo "3039"]
[BlackElo "2637"]
[TimeControl "180+1"]
[EndTime "14:16:04 PST"]
[Termination "Msb2 won on time"]

1. d4 d5 2. c4 e6 3. Nc3 c5 4.
cxd5 cxd4 5. Qa4+ Bd7 6. Qxd4 exd5 7. Qxd5 Nc6 8. Nf3 Nf6 9. Qd1 Bb4 10. e3 Ne4 11. Bd2 Nxd2 12. Qxd2 O-O 13. Be2 Be6 14. O-O Qe7 15. Nd5 Bxd2 16. Nxe7+ Nxe7 17. Nxd2 Rac8 18. Rfc1 Rfd8 19. Nb3 Bxb3 20. axb3 Rxc1+ 21. Rxc1 Rd2 22. Rd1 Rxd1+ 23. Bxd1 f5 24. Kf1 Kf7 25. Ke2 Ke6 26. Kd3 Kd5 27. Bf3+ Kc5 28. Bxb7 Kb4 29. Kc2 a5 30. Ba6 g6 31. Bc4 h6 32. Bf7 g5 33. Kd3 Nc6 34. f4 gxf4 35. exf4 Kc5 36. h3 Nd4 37. g4 fxg4 38. hxg4 Nb5 39. g5 hxg5 40. fxg5 Kd6 41. g6 Ke7 42. Bc4 Nd6 43. g7 1-0

[Event "Late-Titled-Tuesday-Blitz-January-23-2024"]
[Site "Chess.com"]
[Date "2024.01.23"]
[Round "2"]
[White "Sacbutt"]
[Black "Korchmar_Vasiliy"]
[Result "0-1"]
[WhiteElo "2360"]
[BlackElo "2731"]
[TimeControl "180+1"]
[EndTime "14:16:04 PST"]
[Termination "Korchmar_Vasiliy won by resignation"]

1. e4 c5 2. Nf3 a6 3. d4 cxd4 4. c3 dxc3 5. Nxc3 Nc6 6. Bc4 e6 7. Qe2 d6 8. O-O Be7 9. Rd1 e5 10.
b4 Bg4 11. b5 Nd4 12. Qd3 Bxf3 13. gxf3 Nf6 14. bxa6 bxa6 15. Bxa6 O-O 16. Kg2 Nd7 17. Bc4 Nc5 18. Qf1 Kh8 19. Be3 f5 20. Nd5 fxe4 21.
fxe4 Bh4 22. f3 Nxf3 23. Kh1 Nxe4 24. Qh3 Bg5 25. Rf1 Bxe3 26. Rxf3 Rxf3 27. Qxf3 Bd4 28. Rf1 Nd2 29. Qe2 Nxf1 30. Qxf1 Qf8 31. Qe2 0-1

[Event "Late-Titled-Tuesday-Blitz-January-23-2024"]
[Site "Chess.com"]
[Date "2024.01.23"]
[Round "2"]
[White "szachmistrz2500"]
[Black "jinxy2009"]
[Result "1-0"]
[WhiteElo "2491"]
[BlackElo "2231"]
[TimeControl "180+1"]
[EndTime "14:16:08 PST"]
[Termination "szachmistrz2500 won by resignation"]

1. e4 c6 2. d4 d5 3. Nc3 dxe4 4. Nxe4 Nf6 5. Ng3 h5 6. h4 Bg4 7. Be2 Bxe2 8. N1xe2 e6 9. Bg5 Nbd7 10. Qd2 Qb6 11. O-O-O a5 12. Qe3 Nd5 13. Qf3 a4 14. Nxh5 a3 15.
b3 c5 16. c4 cxd4 17. cxd5 Rc8+ 18. Kb1 e5 19. Nxd4 Qg6+ 20. Nf5 Qxh5 21. g4 Qg6 22. Rhe1 f6 23. Bc1 Bb4 24. Re4 Bc5 25.
d6 Nb6 26. Ne7 Qf7 27. Nxc8 Kd7 28. Nxb6+ Bxb6 29. Rc4 1-0

[Event "Late-Titled-Tuesday-Blitz-January-23-2024"]
[Site "Chess.com"]
[Date "2024.01.23"]
[Round "2"]
[White "Vladimir_2020"]
[Black "egnfanclub"]
[Result "1-0"]
[WhiteElo "2730"]
[BlackElo "2358"]
[TimeControl "180+1"]
[EndTime "14:16:09 PST"]
[Termination "Vladimir_2020 won by resignation"]

1. e4 e5 2. Nf3 Nc6 3. Bc4 Nf6 4. d3 Bc5 5. O-O d6 6. c3 a5 7. Nbd2 O-O 8. Re1 Ng4 9. Re2 Kh8 10. h3 Nxf2 11.
Rxf2 Bxf2+ 12. Kxf2 f5 13. exf5 Bxf5 14. Kg1 d5 15.
Bb5 Bxd3 16. Bxd3 e4 17. Bf1 exf3 18. Nxf3 Qd6 19. Be3 Rae8 20. Bf2 Ne7 21. Qd2 Nf5 22. Rd1 c6 23. c4 Rd8 24. Qxa5 Ng3 25. Bc5 Qe6 26.
Bxf8 Qe3+ 27. Kh2 Rxf8 28. Kxg3 1-0

[Event "Late-Titled-Tuesday-Blitz-January-23-2024"]
[Site "Chess.com"]
[Date "2024.01.23"]
[Round "2"]
[White "TheoSlade"]
[Black "larsmandreassen"]
[Result "1-0"]
[WhiteElo "2472"]
[BlackElo "2168"]
[TimeControl "180+1"]
[EndTime "14:16:09 PST"]
[Termination "TheoSlade won on time"]

1. d4 d5 2. c4 e6 3. Nf3 c5 4. cxd5 cxd4 5. dxe6 Bxe6 6. Qxd4 Nd7 7. Bg5 Ngf6 8. e4 Bc5 9. Qa4 Qb6 10. Qc2 Nxe4 11. Bh4 O-O 12. Bd3 Nef6 13. O-O Rac8 14. Nc3 h6 15. Na4 Qa5 16. Nxc5 Rxc5 17. Qe2 Bg4 18. h3 Re8 19. Qd1 Bxf3 20. Qxf3 Ne5 21. Qg3 Nh5 22.
Qe3 f6 23. Bg6 Rf8 24. Bxh5 Nc4 25. Qe6+ Kh8 26. Qe7 Rd8 27. b4 1-0

[Event "Late-Titled-Tuesday-Blitz-January-23-2024"]
[Site "Chess.com"]
[Date "2024.01.23"]
[Round "2"]
[White "youngdinousaur"]
[Black "Kazan28"]
[Result "0-1"]
[WhiteElo "2322"]
[BlackElo "2619"]
[TimeControl "180+1"]
[EndTime "14:16:10 PST"]
[Termination "Kazan28 won by resignation"]

1. d4 Nf6 2. Nf3 g6 3. Nc3 d5 4.
Bf4 c6 5. e3 Bg7 6. Be2 Bg4 7.
Ne5 Bxe2 8. Qxe2 Nfd7 9. h4 h5 10. O-O-O e6 11. f3 Nxe5 12. Bxe5 Bxe5 13. dxe5 Nd7 14. e4 Qa5 15. exd5 cxd5 16. Qb5 Qxb5 17. Nxb5 Ke7 18. f4 Rac8 19. c3 a6 20. Nd4 Nc5 21. Kb1 Ne4 22. Rhf1 Rc7 23. Rf3 Rhc8 24. Rg1 Rb8 25. g3 Nd2+ 26. Kc2 Nxf3 27. Nxf3 b5 28. a3 a5 29. Nd4 b4 30. axb4 axb4 31. Kd3 bxc3 32. bxc3 Ra8 33. g4 hxg4 34. Rxg4 Rc4 35. Rg1 Ra3 36. Rc1 Ra2 37. Rh1 Rg2 38. h5 Rg3+ 39.
Kd2 gxh5 40. Rxh5 Rcxc3 41. Ne2 Rgd3+ 42. Ke1 Rc2 43. f5 Re3 44. Rh2 Rxe5 45. Kd1 Rcxe2 46.
Rxe2 Rxe2 47. Kxe2 e5 48. Kf3 Kf6 49. Kg4 d4 0-1

[Event "Late-Titled-Tuesday-Blitz-January-23-2024"]
[Site "Chess.com"]
[Date "2024.01.23"]
[Round "2"]
[White "sina101"]
[Black "esrosenberg"]
[Result "0-1"]
[WhiteElo "2524"]
[BlackElo "2359"]
[TimeControl "180+1"]
[EndTime "14:16:10 PST"]
[Termination "esrosenberg won by resignation"]

1. e4 g6 2. d4 Bg7 3. Nf3 d6 4. Be3 a6 5. Nbd2 b6 6. Bd3 Bb7 7. O-O Nd7 8. Re1 e6 9. c3 Ne7 10. Rc1 h6 11. Nf1 O-O 12. Qd2 Kh7 13. h4 Nf6 14.
Ng3 Ng4 15. h5 Nxe3 16. hxg6+ fxg6 17. Qxe3 e5 18. dxe5 dxe5 19. Rcd1 Qe8 20. Bc4 Rf4 21.
Rd2 Bc6 22. Red1 Qf8 23. Bd5 Bxd5 24. exd5 Nf5 25. Nxf5 Qxf5 26. d6 cxd6 27. Rxd6 Rf8 28. Rxb6 Qg4 29. Kf1 Rxf3 30. gxf3 Rxf3 31. Qc5 Rh3 32.
Qd5 e4 33. Ke1 Rh1+ 34. Kd2 Rxd1+ 35. Ke3 Rxd5 0-1

[Event "Late-Titled-Tuesday-Blitz-January-23-2024"]
[Site "Chess.com"]
[Date "2024.01.23"]
[Round "2"]
[White "rhungaski"]
[Black "FM_Kappeler"]
[Result "1-0"]
[WhiteElo "2510"]
[BlackElo "2254"]
[TimeControl "180+1"]
[EndTime "14:16:11 PST"]
[Termination "rhungaski won by resignation"]

1. e4 c5 2. Nf3 e6 3. d4 cxd4 4. Nxd4 Nf6 5. Nc3 d6 6. Be2 Nc6 7. O-O Be7 8. Nb3 O-O 9. f4 a5 10. Kh1 a4 11. Nd4 a3 12. bxa3 e5 13. Ndb5 Be6 14. f5 Bd7 15. Be3 Qa5 16. Rb1 Rfd8 17. Rb3 g6 18. fxg6 hxg6 19. Bc4 Kg7 20. Nd5 Nxd5 21. Qxd5 Be6 22. Rxf7+ Bxf7 23. Qxf7+ Kh8 24. Bd2 Qxd2 25. Rh3+ 1-0

[Event "Late-Titled-Tuesday-Blitz-January-23-2024"]
[Site "Chess.com"]
[Date "2024.01.23"]
[Round "2"]
[White "WilliamAlfaroCaracas"]
[Black "GlavkonVVS"]
[Result "0-1"]
[WhiteElo "2235"]
[BlackElo "2494"]
[TimeControl "180+1"]
[EndTime "14:16:11 PST"]
[Termination "GlavkonVVS won by resignation"]

1. e4 Nf6 2. e5 Nd5 3. d4 d6 4. c4 Nb6 5. f4 dxe5 6. fxe5 c5 7.
d5 g6 8. Nf3 Bg4 9. Nc3 Bg7 10.
Bf4 O-O 11. Be2 e6 12. h3 Bxf3 13. Bxf3 N8d7 14. Qe2 exd5 15. cxd5 Nxe5 16. O-O Re8 17. Rfe1 Nxf3+ 18. Qxf3 Rxe1+ 19. Rxe1 Bxc3 20. bxc3 Qxd5 21. Qg3 Qc6 22. Be5 Re8 23. Rf1 Nd7 24. Bf4 Qe4 25.
Kh2 Nf6 26. Qg5 Nd5 27. Bc1 Qe5+ 0-1

[Event "Late-Titled-Tuesday-Blitz-January-23-2024"]
[Site "Chess.com"]
[Date "2024.01.23"]
[Round "2"]
[White "Fradi82"]
[Black "vidavi"]
[Result "1-0"]
[WhiteElo "2195"]
[BlackElo "2459"]
[TimeControl "180+1"]
[EndTime "14:16:13 PST"]
[Termination "Fradi82 won on time"]

1. e4 c5 2. Nf3 d6 3. d4 cxd4 4.
Nxd4 Nf6 5. Nc3 g6 6. Be3 Bg7 7. f3 Nc6 8. Qd2 O-O 9. g4 Bxg4 10. fxg4 Nxg4 11. Nb3 Nce5 12. O-O-O Nxe3 13. Qxe3 a5 14. Kb1 a4 15. Nd4 Qa5 16. a3 Rfc8 17. h4 h5 18. Be2 e6 19. Rhg1 Kf8 20. Ndb5 Nc4 21. Bxc4 Rxc4 22. Nxd6 Rxc3 23. bxc3 Ra6 24. Ka2 Rc6 25.
e5 Bxe5 26. Ne4 Bg7 27. Rb1 Qd5+ 28. Kb2 Rc4 29. Rge1 Qb5+ 30. Kc1 Qc6 31. Rb4 Rc5 32.
Nxc5 1-0

[Event "Late-Titled-Tuesday-Blitz-January-23-2024"]
[Site "Chess.com"]
[Date "2024.01.23"]
[Round "2"]
[White "Crazy_girl99"]
[Black "Rud_Makarian"]
[Result "0-1"]
[WhiteElo "2601"]
[BlackElo "2988"]
[TimeControl "180+1"]
[EndTime "14:16:18 PST"]
[Termination "Rud_Makarian won by resignation"]

1. e4 c5 2. Nf3 d6 3. Nc3 Nf6 4.
Bc4 e6 5. d4 cxd4 6. Nxd4 Nc6 7. Be3 Bd7 8. O-O a6 9. f4 Qc7 10. Be2 Be7 11. Kh1 O-O 12. Nb3 b5 13. a3 Na5 14. e5 Ne8 15. Nxa5 Qxa5 16. Bd3 g6 17. Qf3 Rc8 18. Rad1 Qc7 19. Ne2 Bc6 20. Qh3 Ng7 21.
Nd4 Bb7 22. exd6 Bxd6 23. Bxb5 Nf5 24. Nxf5 exf5 25. Bd3 Rfe8 26. Rde1 Re6 27. Qh6 Rce8 28. Bd2 Rxe1 29. Rxe1 Rxe1+ 30. Bxe1 Bxf4 31. Qh4 Be5 32. c3 h5 33. Qc4 Qd6 34. h3 Bg3 35. Bd2 f4 36. Qd4 Qe6 37. Bc4 Qxh3+ 0-1

[Event "Late-Titled-Tuesday-Blitz-January-23-2024"]
[Site "Chess.com"]
[Date "2024.01.23"]
[Round "2"]
[White "MITerryble"]
[Black "GP9isback23"]
[Result "1-0"]
[WhiteElo "3021"]
[BlackElo "2617"]
[TimeControl "180+1"]
[EndTime "14:16:20 PST"]
[Termination "MITerryble won on time"]

1. d4 Nf6 2. Bg5 Ne4 3. Bf4 d5 4. e3 e6 5. Bd3 Nf6 6. Nf3 Bd6 7. Bg5 h6 8. Bh4 Nbd7 9. Nbd2 c5 10. c3 b6 11. e4 Be7 12. e5 Ng8 13. Bg3 Bb7 14.
O-O h5 15. h4 Nh6 16. Re1 Ng4 17. Nf1 c4 18. Bc2 Qc7 19. Ne3 Nxe3 20. fxe3 O-O-O 21.
Qe2 Rde8 22. e4 g6 23. b3 dxe4 24. Bxe4 Bxe4 25. Qxe4 Kb8 26. Kh2 cxb3 27. axb3 Qb7 28. Qe2 Rc8 29. c4 a5 30. d5 Bb4 31. Red1 Rhd8 32.
Ng5 Nc5 33. Qf3 Rd7 34. Nh7 Rdc7 35. Nf6 Qa7 36. d6 Rd7 37. Nxd7+ Qxd7 38. Rf1 1-0

[Event "Late-Titled-Tuesday-Blitz-January-23-2024"]
[Site "Chess.com"]
[Date "2024.01.23"]
[Round "2"]
[White "mbojan"]
[Black "chesspreceptor"]
[Result "1-0"]
[WhiteElo "2887"]
[BlackElo "2575"]
[TimeControl "180+1"]
[EndTime "14:16:21 PST"]
[Termination "mbojan won by resignation"]

1. e4 e6 2. d4 d5 3. Nc3 Nf6 4. Bg5 Bb4 5. e5 h6 6. Bd2 Bxc3 7. bxc3 Ne4 8. Bc1 c5 9. Ne2 cxd4 10. cxd4 Nc6 11. c3 O-O 12. h4 f6 13. f3 Nxc3 14.
Nxc3 fxe5 15. dxe5 Nxe5 16. Be3 Qa5 17. Qd2 Nc6 18.
Ne2 Qa3 19. Nd4 e5 20. Nb5 Qb4 21. Qxb4 Nxb4 22. Bc5 Nc2+ 23. Kd2 Nxa1 24. Bxf8 Kxf8 25. Be2 a6 26. Nc7 Rb8 27. Rxa1 Bf5 28. Bd3 e4 29. fxe4 Bxe4 30. Bxe4 dxe4 31. Ke3 Rc8 32. Rc1 Ke7 33. Nd5+ Kd7 34. Nb6+ 1-0

[Event "Late-Titled-Tuesday-Blitz-January-23-2024"]
[Site "Chess.com"]
[Date "2024.01.23"]
[Round "2"]
[White "SmirnovTimofey2000"]
[Black "IndianSchoolOfSuffering"]
[Result "0-1"]
[WhiteElo "1955"]
[BlackElo "2442"]
[TimeControl "180+1"]
[EndTime "14:16:22 PST"]
[Termination "IndianSchoolOfSuffering won on time"]

1. e4 c5 2. c3 d5 3. exd5 Qxd5 4. d4 Nc6 5. Nf3 Bf5 6. Be2 Nf6 7. O-O cxd4 8. cxd4 Bxb1 9. Rxb1 e6 10. b3 Rd8 11.
Be3 Be7 12. Bc4 Qa5 13. a4 O-O 14. Qe1 Bb4 15. Bd2 a6 16. Bxb4 Qxb4 17. Qxb4 Nxb4 18. Rbd1 Rd6 19. Rfe1 Rfd8 20. h3 h6 21. Kf1 Nc6 22. Rd2 Nxd4 23. Red1 Nf5 24. Rxd6 Rxd6 25. Rxd6 Nxd6 26.
Bd3 Nd7 27. Ke2 Kf8 28. g4 Ke7 29. Nd2 f5 30. f3 Kf6 31. Nc4 Nxc4 32. Bxc4 Ke5 33.
Ke3 g5 34. gxf5 exf5 35. Be2 Nc5 36. Bd1 Ne6 37. Kf2 Kf4 38. Kg2 Ke3 0-1